Philadelphia Flyers vs Nashville Predators
Created - Sunday, March 19, 2023 at 08:34
Goals
|
| Philadelphia Flyers |
0 |
0 |
0 |
0 |
| Nashville Predators |
1 |
0 |
1 |
2 |
|
Shots
|
| Philadelphia Flyers |
15 |
5 |
11 |
31 |
| Nashville Predators |
15 |
4 |
10 |
29 |
|
1st period
1. Nashville Predators , Thomas Novak 3 (Pat Maroon 2, Cale Makar 9) at 13:42
Penalties :
Calvin de Haan (PHI) for Tripping (Minor) at 9:41
2nd period
No Goal
Penalties :
Alexander Edler (PHI) for Interference (Minor) at 1:48, Alexander Edler (PHI) for Holding (Minor) at 7:26
3rd period
2. Nashville Predators , Pat Maroon 2 (Justin Braun 4) at 15:59
Penalties :
Alexander Edler (PHI) for Roughing (Minor) at 9:08
Goalie Stats
Linus Ullmark (PHI), 27 saves from 29 shots - (0.931), L, 3-1-0, 60:00 minutes
Anthony Stolarz (NSH), 31 saves from 31 shots - (1.000), W, 2-2-2, 60:00 minutes
Players Stats for Philadelphia Flyers
Player Name G A P +/- PIM S H SB GA TA FO MP PP MP PK MP
------------------------------------------------------------------------------------
Alexander Barabanov 0 0 0 0 0 1 1 0 0 0 0/1 15:12 0:00 0:00
Alexander Edler 0 0 0 -1 6 1 1 0 0 1 0/0 16:06 0:00 0:00
Ben Chiarot 0 0 0 -1 0 1 5 2 1 1 0/0 22:47 0:00 3:53
Calle Jarnkrok 0 0 0 0 0 2 0 2 0 0 7/12 17:15 0:00 3:48
Calvin de Haan 0 0 0 -1 2 0 3 0 1 1 0/0 15:30 0:00 0:00
Carter Verhaeghe 0 0 0 0 0 2 0 1 0 0 1/1 13:35 0:00 0:00
Elias Lindholm 0 0 0 0 0 3 2 1 0 0 12/23 19:49 0:00 4:08
Evan Rodrigues 0 0 0 -2 0 2 2 0 0 0 0/0 12:09 0:00 0:00
Evgenii Dadonov 0 0 0 0 0 2 1 0 1 0 0/1 13:48 0:00 0:00
Justin Faulk 0 0 0 -1 0 1 1 2 0 1 0/0 22:47 0:00 3:53
Marcus Johansson 0 0 0 0 0 4 1 0 0 0 0/0 10:28 0:00 0:00
Matt Boldy 0 0 0 -2 0 5 0 0 0 0 1/1 12:30 0:00 0:00
Matt Roy 0 0 0 0 0 0 2 2 0 2 0/0 21:28 0:00 4:03
Oliver Ekman-Larsson 0 0 0 0 0 0 4 6 1 2 0/0 21:28 0:00 4:03
Riley Sheahan 0 0 0 0 0 0 1 1 0 1 4/9 10:22 0:00 0:00
Tomas Tatar 0 0 0 0 0 1 2 0 1 0 0/1 10:22 0:00 0:00
Tyler Bertuzzi 0 0 0 0 0 2 1 1 1 0 1/1 19:53 0:00 4:08
Yanni Gourde 0 0 0 -2 0 4 1 1 2 0 10/17 16:31 0:00 3:48
Players Stats for Nashville Predators
Player Name G A P +/- PIM S H SB GA TA FO MP PP MP PK MP
------------------------------------------------------------------------------------
Artem Zub 0 0 0 0 0 0 3 1 0 1 0/0 19:02 2:47 0:00
Bowen Byram 0 0 0 0 0 1 1 2 0 0 0/0 15:10 0:00 0:00
Brandon Saad 0 0 0 0 0 5 1 0 2 0 0/3 22:34 4:23 0:00
Cale Makar 0 1 1 2 0 4 1 2 3 2 0/0 25:48 5:09 0:00
Cole Perfetti 0 0 0 0 0 0 0 0 1 0 0/0 7:44 0:00 0:00
Corey Perry 0 0 0 0 0 2 0 3 0 0 0/0 22:34 4:23 0:00
Janne Kuokkanen 0 0 0 0 0 4 1 0 1 0 0/0 12:01 0:02 0:00
Justin Braun 0 1 1 2 0 1 1 1 0 0 0/0 25:48 5:09 0:00
Loui Eriksson 0 0 0 0 0 1 0 0 1 0 0/0 12:10 0:02 0:00
Marco Rossi 0 0 0 0 0 1 1 1 0 0 0/2 7:44 0:00 0:00
Nate Schmidt 0 0 0 0 0 1 1 2 0 0 0/0 19:02 2:47 0:00
Nick Bjugstad 0 0 0 2 0 0 1 0 0 1 1/1 17:32 3:31 0:00
Nolan Patrick 0 0 0 0 0 1 3 0 0 1 1/9 11:57 0:02 0:00
Oliver Kylington 0 0 0 0 0 1 0 0 0 1 0/0 15:10 0:00 0:00
Pat Maroon 1 1 2 2 0 2 3 2 1 0 2/4 17:41 3:31 0:00
Rasmus Kupari 0 0 0 0 0 1 0 0 0 1 0/1 7:44 0:00 0:00
Sam Gagner 0 0 0 0 0 0 1 1 0 1 19/32 22:34 4:23 0:00
Thomas Novak 1 0 1 2 0 4 0 0 0 0 8/15 17:45 3:31 0:00
3 Stars
1 - Anthony Stolarz (NSH)
2 - Pat Maroon (NSH)
3 - Thomas Novak (NSH)
Power Play
Philadelphia Flyers - 0 on 0 Attempt(s) - 0.00%
Nashville Predators - 0 on 4 Attempt(s) - 0.00%
Penalty Kill
Philadelphia Flyers - 4 on 4 Attempt(s) - 100.00%
- Score 0 goal in Penalty Kill
Nashville Predators - 0 on 0 Attempt(s) - 0.00%
- Score 0 goal in Penalty Kill
Team Stat
Philadelphia Flyers - Hits : 28 - Faceoff Wins : 36 - Blocked Shots : 19 - Penalty Minutes : 8
Nashville Predators - Hits : 18 - Faceoff Wins : 31 - Blocked Shots : 15 - Penalty Minutes : 0
Official
Referees : Chris Rooney and Dave Lewis
Linesman : Scott Driscoll and Greg Devorski
Game Notes
No Game Note
Finance
Level 1 -- Attendance: 5179 (86.32%) -- Ticket Income $517,900
Level 2 -- Attendance: 3949 (78.98%) -- Ticket Income $236,940
Level 3 -- Attendance: 2689 (89.63%) -- Ticket Income $94,115
Level 4 -- Attendance: 3651 (73.02%) -- Ticket Income $91,275
Luxury Box -- Attendance: 803 (80.30%) -- Ticket Income $160,600
Game was played at the Bridgestone Arena.
Total Attendance: 16271 (81.36%)
Total Ticket Income: $1,100,830
Other Income: $385,290
Total Income: $1,486,120
Philadelphia Flyers
5 vs 5 Forward
Center Left Wing Right Wing Time % Phy DF OF
1 Elias Lindholm Tyler Bertuzzi Alexander Barabanov 30 1 1 3
2 Yanni Gourde Matt Boldy Evan Rodrigues 25 0 2 3
3 Calle Jarnkrok Carter Verhaeghe Evgenii Dadonov 25 0 2 3
4 Riley Sheahan Tomas Tatar Marcus Johansson 20 1 2 2
5 vs 5 Defense
Defense Defense Time % Phy DF OF
1 Justin Faulk Ben Chiarot 35 1 2 2
2 Oliver Ekman-Larsson Matt Roy 35 1 2 2
3 Alexander Edler Calvin de Haan 30 1 2 2
4 Justin Faulk Ben Chiarot 0 1 2 2
PowerPlay Forward
Center Left Wing Right Wing Time % Phy DF OF
1 Elias Lindholm Tyler Bertuzzi Matt Boldy 55 0 1 4
2 Yanni Gourde Carter Verhaeghe Evgenii Dadonov 45 0 1 4
PowerPlay Defense
Defense Defense Time % Phy DF OF
1 Justin Faulk Oliver Ekman-Larsson 55 0 2 3
2 Alexander Edler Matt Roy 45 0 2 3
Penalty Kill 4 Players Forward
Center Wing Time % Phy DF OF
1 Elias Lindholm Tyler Bertuzzi 50 1 3 1
2 Yanni Gourde Calle Jarnkrok 50 1 3 1
Penalty Kill 4 Players Defense
Defense Defense Time % Phy DF OF
1 Justin Faulk Ben Chiarot 50 1 4 0
2 Oliver Ekman-Larsson Matt Roy 50 1 4 0
Penalty Kill - 3 Players Forward
Forward Time % Phy DF OF
1 Elias Lindholm 50 0 4 1
2 Yanni Gourde 50 0 4 1
Penalty Kill - 3 Players Defense
Defense Defense Time % Phy DF OF
1 Justin Faulk Ben Chiarot 50 0 5 0
2 Oliver Ekman-Larsson Matt Roy 50 0 5 0
4 vs 4 Forward
Center Wing Time % Phy DF OF
1 Elias Lindholm Tyler Bertuzzi 50 1 1 3
2 Yanni Gourde Matt Boldy 50 1 1 3
4 vs 4 Defense
Defense Defense Time % Phy DF OF
1 Justin Faulk Ben Chiarot 50 1 2 2
2 Oliver Ekman-Larsson Matt Roy 50 1 2 2
Last Minutes Offensive
Center Left Wing Right Wing Defense Defense
Elias Lindholm Tyler Bertuzzi Matt Boldy Justin Faulk Oliver Ekman-Larsson
Last Minutes Defensive
Center Left Wing Right Wing Defense Defense
Elias Lindholm Tyler Bertuzzi Yanni Gourde Justin Faulk Ben Chiarot
Goaltenders
Starting : Linus Ullmark
Backup : Mackenzie Blackwood
Extra Forwards
Normal : Elias Lindholm, Yanni Gourde, Carter Verhaeghe - PP : Elias Lindholm, Yanni Gourde - PK : Elias Lindholm
Extra Defensemen
Normal : Justin Faulk, Oliver Ekman-Larsson, Alexander Edler - PP : Justin Faulk - PK : Ben Chiarot, Matt Roy
Penalty Shots
Evan Rodrigues, Calle Jarnkrok, Matt Roy, Calvin de Haan, Riley Sheahan
Nashville Predators
5 vs 5 Forward
Center Left Wing Right Wing Time % Phy DF OF
1 Sam Gagner Brandon Saad Corey Perry 40 1 2 2
2 Thomas Novak Pat Maroon Nick Bjugstad 30 1 2 2
3 Nolan Patrick Loui Eriksson Janne Kuokkanen 20 1 2 2
4 Marco Rossi Cole Perfetti Rasmus Kupari 10 1 2 2
5 vs 5 Defense
Defense Defense Time % Phy DF OF
1 Cale Makar Justin Braun 40 1 2 2
2 Nate Schmidt Artem Zub 30 1 2 2
3 Bowen Byram Oliver Kylington 20 1 2 2
4 Cale Makar Justin Braun 10 1 2 2
PowerPlay Forward
Center Left Wing Right Wing Time % Phy DF OF
1 Sam Gagner Brandon Saad Corey Perry 60 1 2 2
2 Thomas Novak Pat Maroon Nick Bjugstad 40 1 2 2
PowerPlay Defense
Defense Defense Time % Phy DF OF
1 Cale Makar Justin Braun 60 1 2 2
2 Nate Schmidt Artem Zub 40 1 2 2
Penalty Kill 4 Players Forward
Center Wing Time % Phy DF OF
1 Brandon Saad Corey Perry 60 1 2 2
2 Sam Gagner Pat Maroon 40 1 2 2
Penalty Kill 4 Players Defense
Defense Defense Time % Phy DF OF
1 Cale Makar Justin Braun 60 1 2 2
2 Nate Schmidt Artem Zub 40 1 2 2
Penalty Kill - 3 Players Forward
Forward Time % Phy DF OF
1 Brandon Saad 60 1 2 2
2 Corey Perry 40 1 2 2
Penalty Kill - 3 Players Defense
Defense Defense Time % Phy DF OF
1 Cale Makar Justin Braun 60 1 2 2
2 Nate Schmidt Artem Zub 40 1 2 2
4 vs 4 Forward
Center Wing Time % Phy DF OF
1 Brandon Saad Corey Perry 60 1 2 2
2 Sam Gagner Pat Maroon 40 1 2 2
4 vs 4 Defense
Defense Defense Time % Phy DF OF
1 Cale Makar Justin Braun 60 1 2 2
2 Nate Schmidt Artem Zub 40 1 2 2
Last Minutes Offensive
Center Left Wing Right Wing Defense Defense
Sam Gagner Brandon Saad Corey Perry Cale Makar Justin Braun
Last Minutes Defensive
Center Left Wing Right Wing Defense Defense
Sam Gagner Brandon Saad Corey Perry Cale Makar Justin Braun
Goaltenders
Starting : Anthony Stolarz
Backup : Alexandar Georgiev
Extra Forwards
Normal : Thomas Novak, Loui Eriksson, Janne Kuokkanen - PP : Thomas Novak, Loui Eriksson - PK : Janne Kuokkanen
Extra Defensemen
Normal : Bowen Byram, Oliver Kylington, Nate Schmidt - PP : Bowen Byram - PK : Oliver Kylington, Nate Schmidt
Penalty Shots
Brandon Saad, Corey Perry, Sam Gagner, Pat Maroon, Thomas Novak
% Time on Ice - Philadelphia Flyers
Lines # - Real PCT - Wanted PCT - Time Play
Normal Forward
1 - 31% - 30% - 16:06
2 - 24% - 25% - 12:18
3 - 26% - 25% - 13:18
4 - 20% - 20% - 10:22
Normal Defense
1 - 35% - 35% - 18:12
2 - 33% - 35% - 17:25
3 - 31% - 30% - 16:05
4 - 1% - 0% - 0:22
PP Forward
1 - 0% - 55%
2 - 0% - 45%
PP Defense
1 - 0% - 55%
2 - 0% - 45%
PK Forward
1 - 52% - 50% - 4:08
2 - 48% - 50% - 3:48
PK Defense
1 - 49% - 50% - 3:53
2 - 51% - 50% - 4:03
PK3 Forward
1 - 0% - 50%
2 - 0% - 50%
PK3 Defense
1 - 0% - 50%
2 - 0% - 50%
44 Forward
1 - 0% - 50%
2 - 0% - 50%
44 Defense
1 - 0% - 50%
2 - 0% - 50%
Last Minute Offensive - 0:00
Last Minute Defensive - 0:00
Total
Forward - 60:00
Defense - 60:00
|
% Time on Ice - Nashville Predators
Lines # - Real PCT - Wanted PCT - Time Play
Normal Forward
1 - 36% - 40% - 18:39
2 - 27% - 30% - 14:02
3 - 22% - 20% - 11:39
4 - 15% - 10% - 7:44
Normal Defense
1 - 36% - 40% - 18:33
2 - 33% - 30% - 17:05
3 - 28% - 20% - 14:20
4 - 4% - 10% - 2:06
PP Forward
1 - 55% - 60% - 4:23
2 - 45% - 40% - 3:33
PP Defense
1 - 65% - 60% - 5:09
2 - 35% - 40% - 2:47
PK Forward
1 - 0% - 60%
2 - 0% - 40%
PK Defense
1 - 0% - 60%
2 - 0% - 40%
PK3 Forward
1 - 0% - 60%
2 - 0% - 40%
PK3 Defense
1 - 0% - 60%
2 - 0% - 40%
44 Forward
1 - 0% - 60%
2 - 0% - 40%
44 Defense
1 - 0% - 60%
2 - 0% - 40%
Last Minute Offensive - 0:00
Last Minute Defensive - 0:00
Total
Forward - 60:00
Defense - 60:00
|
Play-by-Play
1st period
0:01 of 1st period - Sam Gagner wins face-off versus Elias Lindholm in neutral zone.
0:17 of 1st period - Off-side.
0:18 of 1st period - Nick Bjugstad wins face-off versus Yanni Gourde in neutral zone.
0:43 of 1st period - Oliver Ekman-Larsson is hit by Janne Kuokkanen and loses puck.
1:16 of 1st period - Wrist shot by Marcus Johansson.
1:16 of 1st period - Stopped by Anthony Stolarz with a rebound.
1:18 of 1st period - Slapshot by Matt Roy.
1:18 of 1st period - Shot Blocked by Sam Gagner.
1:32 of 1st period - Tyler Bertuzzi is hit by Bowen Byram.
1:49 of 1st period - Pat Maroon is hit by Calvin de Haan and loses puck.
2:05 of 1st period - Icing by Pat Maroon.
2:06 of 1st period - Thomas Novak wins face-off versus Calle Jarnkrok in Nashville Predators zone.
2:06 of 1st period - Thomas Novak is hit by Ben Chiarot.
2:30 of 1st period - Sam Gagner is hit by Ben Chiarot and loses puck.
2:41 of 1st period - Slapshot by Oliver Kylington.
2:41 of 1st period - Stopped by Linus Ullmark with a rebound.
2:43 of 1st period - Wrist shot by Corey Perry.
2:43 of 1st period - Shot Blocked by Justin Faulk.
2:45 of 1st period - Snap shot by Brandon Saad.
2:45 of 1st period - Shot Misses the Net.
2:47 of 1st period - Snap shot by Sam Gagner.
2:47 of 1st period - Shot Misses the Net.
2:49 of 1st period - Slapshot by Sam Gagner.
2:49 of 1st period - Deflect By Calle Jarnkrok.
2:49 of 1st period - Shot Blocked by Justin Faulk.
2:49 of 1st period - Puck is out of play.
2:50 of 1st period - Nolan Patrick wins face-off versus Riley Sheahan in Philadelphia Flyers zone.
3:36 of 1st period - Wrist shot by Yanni Gourde.
3:36 of 1st period - Stopped by Anthony Stolarz with a rebound.
4:03 of 1st period - Riley Sheahan is hit by Nate Schmidt and loses puck.
4:22 of 1st period - Justin Faulk is hit by Artem Zub and loses puck.
4:39 of 1st period - Justin Faulk is hit by Nolan Patrick and loses puck.
4:44 of 1st period - Snap shot by Loui Eriksson.
4:44 of 1st period - Stopped by Linus Ullmark with a rebound.
5:08 of 1st period - Snap shot by Yanni Gourde.
5:08 of 1st period - Stopped by Anthony Stolarz without a rebound.
5:09 of 1st period - Sam Gagner wins face-off versus Riley Sheahan in Nashville Predators zone.
5:22 of 1st period - Slapshot by Tomas Tatar.
5:22 of 1st period - Deflect By Brandon Saad.
5:22 of 1st period - Shot Misses the Net.
5:22 of 1st period - Puck is out of play.
5:23 of 1st period - Pat Maroon wins face-off versus Elias Lindholm in Nashville Predators zone.
5:23 of 1st period - Pat Maroon is hit by Tyler Bertuzzi.
5:39 of 1st period - Snap shot by Tyler Bertuzzi.
5:39 of 1st period - Shot Blocked by Justin Braun.
6:17 of 1st period - Slapshot by Matt Boldy.
6:17 of 1st period - Stopped by Anthony Stolarz with a rebound.
6:41 of 1st period - Snap shot by Marco Rossi.
6:41 of 1st period - Stopped by Linus Ullmark without a rebound.
6:42 of 1st period - Riley Sheahan wins face-off versus Pat Maroon in Philadelphia Flyers zone.
7:10 of 1st period - Sam Gagner is hit by Yanni Gourde and loses puck.
7:15 of 1st period - Snap shot by Yanni Gourde.
7:15 of 1st period - Shot Misses the Net.
7:47 of 1st period - Brandon Saad is hit by Oliver Ekman-Larsson.
7:59 of 1st period - Snap shot by Janne Kuokkanen.
7:59 of 1st period - Stopped by Linus Ullmark with a rebound.
8:38 of 1st period - Snap shot by Matt Boldy.
8:38 of 1st period - Stopped by Anthony Stolarz with a rebound.
8:40 of 1st period - Wrist shot by Yanni Gourde.
8:40 of 1st period - Shot Misses the Net.
8:42 of 1st period - Snap shot by Yanni Gourde.
8:42 of 1st period - Deflect By Evan Rodrigues.
8:42 of 1st period - Shot Misses the Net.
8:42 of 1st period - Puck is out of play.
8:43 of 1st period - Yanni Gourde wins face-off versus Marco Rossi in Nashville Predators zone.
8:48 of 1st period - Snap shot by Matt Boldy.
8:48 of 1st period - Shot Blocked by Nate Schmidt.
8:50 of 1st period - Snap shot by Evan Rodrigues.
8:50 of 1st period - Shot Blocked by Marco Rossi.
9:36 of 1st period - Snap shot by Janne Kuokkanen.
9:36 of 1st period - Stopped by Linus Ullmark with a rebound.
9:41 of 1st period - Minor Penalty to Calvin de Haan for Tripping.
9:42 of 1st period - Sam Gagner wins face-off versus Elias Lindholm in Philadelphia Flyers zone.
9:46 of 1st period - Slapshot by Cale Makar.
9:46 of 1st period - Shot Misses the Net.
9:48 of 1st period - Slapshot by Justin Braun.
9:48 of 1st period - Stopped by Linus Ullmark with a rebound.
9:50 of 1st period - Wrist shot by Sam Gagner.
9:50 of 1st period - Deflect By Brandon Saad.
9:50 of 1st period - Stopped by Linus Ullmark without a rebound.
9:51 of 1st period - Elias Lindholm wins face-off versus Sam Gagner in Philadelphia Flyers zone.
10:06 of 1st period - Slapshot by Cale Makar.
10:06 of 1st period - Stopped by Linus Ullmark with a rebound.
10:16 of 1st period - Slapshot by Cale Makar.
10:16 of 1st period - Deflect By Brandon Saad.
10:16 of 1st period - Shot Misses the Net.
10:16 of 1st period - Puck is out of play.
10:17 of 1st period - Thomas Novak wins face-off versus Elias Lindholm in Philadelphia Flyers zone.
10:24 of 1st period - Snap shot by Pat Maroon.
10:24 of 1st period - Stopped by Linus Ullmark with a rebound.
10:26 of 1st period - Slapshot by Nate Schmidt.
10:26 of 1st period - Shot Misses the Net.
10:28 of 1st period - Slapshot by Artem Zub.
10:28 of 1st period - Shot Blocked by Matt Roy.
10:42 of 1st period - Artem Zub is hit by Oliver Ekman-Larsson and loses puck.
11:15 of 1st period - Icing by Sam Gagner.
11:16 of 1st period - Sam Gagner wins face-off versus Yanni Gourde in Nashville Predators zone.
11:16 of 1st period - Sam Gagner is hit by Ben Chiarot.
11:41 of 1st period - Penalty to Calvin de Haan is over, Calvin de Haan is back on ice.
11:44 of 1st period - Slapshot by Loui Eriksson.
11:44 of 1st period - Deflect By Janne Kuokkanen.
11:44 of 1st period - Stopped by Linus Ullmark without a rebound.
11:45 of 1st period - Yanni Gourde wins face-off versus Nolan Patrick in Philadelphia Flyers zone.
12:10 of 1st period - Wrist shot by Carter Verhaeghe.
12:10 of 1st period - Stopped by Anthony Stolarz without a rebound.
12:11 of 1st period - Sam Gagner wins face-off versus Calle Jarnkrok in Nashville Predators zone.
12:24 of 1st period - Snap shot by Carter Verhaeghe.
12:24 of 1st period - Shot Blocked by Corey Perry.
12:40 of 1st period - Wrist shot by Carter Verhaeghe.
12:40 of 1st period - Shot Misses the Net.
12:42 of 1st period - Wrist shot by Elias Lindholm.
12:42 of 1st period - Stopped by Anthony Stolarz without a rebound.
12:43 of 1st period - Elias Lindholm wins face-off versus Sam Gagner in Nashville Predators zone.
12:44 of 1st period - Slapshot by Tyler Bertuzzi.
12:44 of 1st period - Stopped by Anthony Stolarz without a rebound.
12:45 of 1st period - Sam Gagner wins face-off versus Elias Lindholm in Nashville Predators zone.
13:10 of 1st period - Oliver Ekman-Larsson is hit by Nolan Patrick and loses puck.
13:24 of 1st period - Alexander Edler is hit by Nolan Patrick.
13:38 of 1st period - Wrist shot by Thomas Novak.
13:38 of 1st period - Shot Misses the Net.
13:40 of 1st period - Slapshot by Cale Makar.
13:40 of 1st period - Deflect By Evan Rodrigues.
13:40 of 1st period - Stopped by Linus Ullmark with a rebound.
13:42 of 1st period - Wrist shot by Pat Maroon.
13:42 of 1st period - Deflect By Thomas Novak.
13:42 of 1st period - Goal by Thomas Novak - Philadelphia Flyers : 0 - Nashville Predators : 1.
13:43 of 1st period - Elias Lindholm wins face-off versus Sam Gagner in neutral zone.
13:49 of 1st period - Icing by Corey Perry.
13:50 of 1st period - Sam Gagner wins face-off versus Elias Lindholm in Nashville Predators zone.
14:39 of 1st period - Slapshot by Matt Boldy.
14:39 of 1st period - Stopped by Anthony Stolarz with a rebound.
15:02 of 1st period - Wrist shot by Marcus Johansson.
15:02 of 1st period - Stopped by Anthony Stolarz without a rebound.
15:03 of 1st period - Sam Gagner wins face-off versus Riley Sheahan in Nashville Predators zone.
15:39 of 1st period - Off-side.
15:40 of 1st period - Carter Verhaeghe wins face-off versus Sam Gagner in neutral zone.
15:47 of 1st period - Wrist shot by Evgenii Dadonov.
15:47 of 1st period - Stopped by Anthony Stolarz without a rebound.
15:48 of 1st period - Calle Jarnkrok wins face-off versus Brandon Saad in Nashville Predators zone.
15:49 of 1st period - Snap shot by Carter Verhaeghe.
15:49 of 1st period - Stopped by Anthony Stolarz with a rebound.
15:51 of 1st period - Slapshot by Ben Chiarot.
15:51 of 1st period - Deflect By Corey Perry.
15:51 of 1st period - Stopped by Anthony Stolarz without a rebound.
15:52 of 1st period - Sam Gagner wins face-off versus Yanni Gourde in Nashville Predators zone.
16:28 of 1st period - Wrist shot by Cale Makar.
16:28 of 1st period - Shot Misses the Net.
17:23 of 1st period - Slapshot by Cole Perfetti.
17:23 of 1st period - Deflect By Marco Rossi.
17:23 of 1st period - Shot Misses the Net.
17:23 of 1st period - Puck is out of play.
17:24 of 1st period - Sam Gagner wins face-off versus Calle Jarnkrok in Philadelphia Flyers zone.
17:31 of 1st period - Slapshot by Cale Makar.
17:31 of 1st period - Stopped by Linus Ullmark without a rebound.
17:32 of 1st period - Sam Gagner wins face-off versus Calle Jarnkrok in Philadelphia Flyers zone.
17:47 of 1st period - Wrist shot by Carter Verhaeghe.
17:47 of 1st period - Shot Misses the Net.
17:57 of 1st period - Slapshot by Cale Makar.
17:57 of 1st period - Shot Hit the Post.
17:59 of 1st period - Slapshot by Cale Makar.
17:59 of 1st period - Shot Blocked by Oliver Ekman-Larsson.
18:01 of 1st period - Snap shot by Justin Braun.
18:01 of 1st period - Shot Blocked by Oliver Ekman-Larsson.
18:03 of 1st period - Slapshot by Thomas Novak.
18:03 of 1st period - Stopped by Linus Ullmark without a rebound.
18:04 of 1st period - Thomas Novak wins face-off versus Riley Sheahan in Philadelphia Flyers zone.
18:27 of 1st period - Icing by Nick Bjugstad.
18:28 of 1st period - Yanni Gourde wins face-off versus Thomas Novak in Nashville Predators zone.
18:33 of 1st period - Snap shot by Evan Rodrigues.
18:33 of 1st period - Shot Hit the Post.
18:41 of 1st period - Snap shot by Matt Boldy.
18:41 of 1st period - Shot Hit the Post.
18:43 of 1st period - Wrist shot by Yanni Gourde.
18:43 of 1st period - Stopped by Anthony Stolarz with a rebound.
18:53 of 1st period - Sam Gagner is hit by Oliver Ekman-Larsson and loses puck.
19:02 of 1st period - Wrist shot by Carter Verhaeghe.
19:02 of 1st period - Shot Misses the Net.
19:16 of 1st period - Slapshot by Nolan Patrick.
19:16 of 1st period - Stopped by Linus Ullmark with a rebound.
19:37 of 1st period - Wrist shot by Evan Rodrigues.
19:37 of 1st period - Shot Blocked by Bowen Byram.
19:39 of 1st period - Snap shot by Matt Boldy.
19:39 of 1st period - Shot Misses the Net.
19:41 of 1st period - Snap shot by Alexander Edler.
19:41 of 1st period - Stopped by Anthony Stolarz without a rebound.
19:42 of 1st period - Calle Jarnkrok wins face-off versus Sam Gagner in Nashville Predators zone.
19:55 of 1st period - Wrist shot by Carter Verhaeghe.
19:55 of 1st period - Shot Blocked by Corey Perry.
Goals for this period are 0 for Philadelphia Flyers vs 1 for Nashville Predators.
Shots for this period are 15 for Philadelphia Flyers vs 15 for Nashville Predators.
2nd period
0:01 of 2nd period - Yanni Gourde wins face-off versus Sam Gagner in neutral zone.
0:06 of 2nd period - Snap shot by Brandon Saad.
0:06 of 2nd period - Shot Misses the Net.
0:12 of 2nd period - Slapshot by Corey Perry.
0:12 of 2nd period - Deflect By Brandon Saad.
0:12 of 2nd period - Shot Misses the Net.
0:12 of 2nd period - Puck is out of play.
0:13 of 2nd period - Tyler Bertuzzi wins face-off versus Sam Gagner in Philadelphia Flyers zone.
0:22 of 2nd period - Snap shot by Tyler Bertuzzi.
0:22 of 2nd period - Shot Misses the Net.
0:24 of 2nd period - Wrist shot by Tyler Bertuzzi.
0:24 of 2nd period - Stopped by Anthony Stolarz with a rebound.
0:26 of 2nd period - Wrist shot by Elias Lindholm.
0:26 of 2nd period - Shot Misses the Net.
0:28 of 2nd period - Snap shot by Justin Faulk.
0:28 of 2nd period - Shot Blocked by Corey Perry.
0:30 of 2nd period - Slapshot by Justin Faulk.
0:30 of 2nd period - Stopped by Anthony Stolarz without a rebound.
0:31 of 2nd period - Calle Jarnkrok wins face-off versus Pat Maroon in Nashville Predators zone.
0:44 of 2nd period - Wrist shot by Thomas Novak.
0:44 of 2nd period - Shot Blocked by Oliver Ekman-Larsson.
0:46 of 2nd period - Snap shot by Pat Maroon.
0:46 of 2nd period - Shot Misses the Net.
1:05 of 2nd period - Marcus Johansson is hit by Artem Zub.
1:48 of 2nd period - Minor Penalty to Alexander Edler for Interference.
1:49 of 2nd period - Sam Gagner wins face-off versus Yanni Gourde in Philadelphia Flyers zone.
1:53 of 2nd period - Wrist shot by Brandon Saad.
1:53 of 2nd period - Shot Blocked by Yanni Gourde.
1:55 of 2nd period - Slapshot by Cale Makar.
1:55 of 2nd period - Shot Misses the Net.
2:05 of 2nd period - Snap shot by Brandon Saad.
2:05 of 2nd period - Stopped by Linus Ullmark without a rebound.
2:06 of 2nd period - Elias Lindholm wins face-off versus Thomas Novak in Philadelphia Flyers zone.
3:47 of 2nd period - Matt Roy is hit by Nick Bjugstad and loses puck.
3:48 of 2nd period - Penalty to Alexander Edler is over, Alexander Edler is back on ice.
4:21 of 2nd period - Rasmus Kupari is hit by Evan Rodrigues and loses puck.
4:30 of 2nd period - Yanni Gourde is hit by Marco Rossi and loses puck.
5:03 of 2nd period - Snap shot by Bowen Byram.
5:03 of 2nd period - Shot Misses the Net.
5:54 of 2nd period - Snap shot by Thomas Novak.
5:54 of 2nd period - Shot Blocked by Carter Verhaeghe.
6:09 of 2nd period - Icing by Carter Verhaeghe.
6:10 of 2nd period - Calle Jarnkrok wins face-off versus Nolan Patrick in Philadelphia Flyers zone.
6:19 of 2nd period - Snap shot by Nolan Patrick.
6:19 of 2nd period - Deflect By Loui Eriksson.
6:19 of 2nd period - Shot Misses the Net.
6:19 of 2nd period - Puck is out of play.
6:20 of 2nd period - Elias Lindholm wins face-off versus Brandon Saad in Philadelphia Flyers zone.
6:53 of 2nd period - Icing by Evan Rodrigues.
6:54 of 2nd period - Thomas Novak wins face-off versus Yanni Gourde in Philadelphia Flyers zone.
7:05 of 2nd period - Slapshot by Ben Chiarot.
7:05 of 2nd period - Shot Blocked by Nate Schmidt.
7:07 of 2nd period - Wrist shot by Yanni Gourde.
7:07 of 2nd period - Deflect By Matt Boldy.
7:07 of 2nd period - Stopped by Anthony Stolarz without a rebound.
7:08 of 2nd period - Elias Lindholm wins face-off versus Sam Gagner in Nashville Predators zone.
7:26 of 2nd period - Minor Penalty to Alexander Edler for Holding.
7:27 of 2nd period - Elias Lindholm wins face-off versus Sam Gagner in Philadelphia Flyers zone.
7:39 of 2nd period - Slapshot by Brandon Saad.
7:39 of 2nd period - Stopped by Linus Ullmark with a rebound.
7:43 of 2nd period - Slapshot by Cale Makar.
7:43 of 2nd period - Shot Misses the Net.
7:53 of 2nd period - Nick Bjugstad is hit by Elias Lindholm and loses puck.
9:26 of 2nd period - Penalty to Alexander Edler is over, Alexander Edler is back on ice.
9:32 of 2nd period - Snap shot by Cole Perfetti.
9:32 of 2nd period - Shot Blocked by Matt Roy.
10:10 of 2nd period - Oliver Kylington is hit by Oliver Ekman-Larsson and loses puck.
10:25 of 2nd period - Oliver Ekman-Larsson is hit by Pat Maroon and loses puck.
10:50 of 2nd period - Wrist shot by Marcus Johansson.
10:50 of 2nd period - Shot Misses the Net.
10:52 of 2nd period - Slapshot by Matt Roy.
10:52 of 2nd period - Shot Blocked by Artem Zub.
10:54 of 2nd period - Wrist shot by Tomas Tatar.
10:54 of 2nd period - Stopped by Anthony Stolarz with a rebound.
11:25 of 2nd period - Snap shot by Evgenii Dadonov.
11:25 of 2nd period - Shot Blocked by Cale Makar.
14:02 of 2nd period - Ben Chiarot is hit by Justin Braun and loses puck.
15:20 of 2nd period - Icing by Evan Rodrigues.
15:21 of 2nd period - Yanni Gourde wins face-off versus Rasmus Kupari in Philadelphia Flyers zone.
15:30 of 2nd period - Slapshot by Rasmus Kupari.
15:30 of 2nd period - Stopped by Linus Ullmark with a rebound.
15:32 of 2nd period - Slapshot by Oliver Kylington.
15:32 of 2nd period - Shot Blocked by Oliver Ekman-Larsson.
16:08 of 2nd period - Brandon Saad is hit by Tomas Tatar and loses puck.
16:15 of 2nd period - Wrist shot by Marcus Johansson.
16:15 of 2nd period - Stopped by Anthony Stolarz with a rebound.
16:17 of 2nd period - Slapshot by Calvin de Haan.
16:17 of 2nd period - Shot Misses the Net.
16:45 of 2nd period - Wrist shot by Pat Maroon.
16:45 of 2nd period - Shot Blocked by Elias Lindholm.
16:51 of 2nd period - Justin Faulk is hit by Pat Maroon and loses puck.
17:11 of 2nd period - Justin Braun is hit by Calvin de Haan and loses puck.
17:42 of 2nd period - Slapshot by Cale Makar.
17:42 of 2nd period - Shot Misses the Net.
17:44 of 2nd period - Wrist shot by Thomas Novak.
17:44 of 2nd period - Shot Blocked by Riley Sheahan.
17:46 of 2nd period - Slapshot by Justin Braun.
17:46 of 2nd period - Shot Misses the Net.
17:48 of 2nd period - Backhand shot by Thomas Novak.
17:48 of 2nd period - Stopped by Linus Ullmark without a rebound.
17:49 of 2nd period - Elias Lindholm wins face-off versus Nolan Patrick in Philadelphia Flyers zone.
18:48 of 2nd period - Off-side.
18:49 of 2nd period - Yanni Gourde wins face-off versus Nolan Patrick in neutral zone.
19:14 of 2nd period - Elias Lindholm is hit by Brandon Saad.
19:22 of 2nd period - Wrist shot by Elias Lindholm.
19:22 of 2nd period - Deflect By Alexander Barabanov.
19:22 of 2nd period - Shot Blocked by Bowen Byram.
19:22 of 2nd period - Puck is out of play.
19:23 of 2nd period - Pat Maroon wins face-off versus Elias Lindholm in Nashville Predators zone.
19:30 of 2nd period - Slapshot by Cale Makar.
19:30 of 2nd period - Shot Misses the Net.
Goals for this period are 0 for Philadelphia Flyers vs 0 for Nashville Predators.
Shots for this period are 5 for Philadelphia Flyers vs 4 for Nashville Predators.
3rd period
0:01 of 3rd period - Sam Gagner wins face-off versus Elias Lindholm in neutral zone.
0:35 of 3rd period - Justin Faulk is hit by Artem Zub and loses puck.
0:48 of 3rd period - Slapshot by Corey Perry.
0:48 of 3rd period - Stopped by Linus Ullmark with a rebound.
0:51 of 3rd period - Icing by Evgenii Dadonov.
0:52 of 3rd period - Thomas Novak wins face-off versus Calle Jarnkrok in Philadelphia Flyers zone.
1:59 of 3rd period - Slapshot by Justin Faulk.
1:59 of 3rd period - Shot Blocked by Pat Maroon.
2:01 of 3rd period - Snap shot by Justin Faulk.
2:01 of 3rd period - Shot Misses the Net.
2:07 of 3rd period - Wrist shot by Evgenii Dadonov.
2:07 of 3rd period - Shot Misses the Net.
2:09 of 3rd period - Snap shot by Evgenii Dadonov.
2:09 of 3rd period - Shot Hit the Post.
2:11 of 3rd period - Snap shot by Calle Jarnkrok.
2:11 of 3rd period - Shot Misses the Net.
2:27 of 3rd period - Wrist shot by Calle Jarnkrok.
2:27 of 3rd period - Stopped by Anthony Stolarz without a rebound.
2:28 of 3rd period - Sam Gagner wins face-off versus Alexander Barabanov in Nashville Predators zone.
2:28 of 3rd period - Sam Gagner is hit by Alexander Barabanov.
2:54 of 3rd period - Oliver Ekman-Larsson is hit by Cale Makar.
2:58 of 3rd period - Wrist shot by Evan Rodrigues.
2:58 of 3rd period - Deflect By Yanni Gourde.
2:58 of 3rd period - Shot Blocked by Cale Makar.
2:58 of 3rd period - Puck is out of play.
2:59 of 3rd period - Matt Boldy wins face-off versus Nolan Patrick in Nashville Predators zone.
4:23 of 3rd period - Slapshot by Yanni Gourde.
4:23 of 3rd period - Deflect By Matt Boldy.
4:23 of 3rd period - Shot Misses the Net.
4:23 of 3rd period - Puck is out of play.
4:24 of 3rd period - Elias Lindholm wins face-off versus Sam Gagner in Nashville Predators zone.
4:31 of 3rd period - Slapshot by Elias Lindholm.
4:31 of 3rd period - Stopped by Anthony Stolarz with a rebound.
4:49 of 3rd period - Justin Braun is hit by Marcus Johansson.
5:29 of 3rd period - Bowen Byram is hit by Alexander Edler and loses puck.
5:55 of 3rd period - Off-side.
5:56 of 3rd period - Riley Sheahan wins face-off versus Thomas Novak in neutral zone.
7:02 of 3rd period - Slapshot by Matt Roy.
7:02 of 3rd period - Shot Misses the Net.
7:08 of 3rd period - Wrist shot by Evan Rodrigues.
7:08 of 3rd period - Stopped by Anthony Stolarz with a rebound.
7:34 of 3rd period - Thomas Novak is hit by Matt Roy.
7:52 of 3rd period - Wrist shot by Corey Perry.
7:52 of 3rd period - Deflect By Brandon Saad.
7:52 of 3rd period - Shot Blocked by Tyler Bertuzzi.
7:52 of 3rd period - Puck is out of play.
7:53 of 3rd period - Elias Lindholm wins face-off versus Sam Gagner in Philadelphia Flyers zone.
8:00 of 3rd period - Snap shot by Brandon Saad.
8:00 of 3rd period - Stopped by Linus Ullmark with a rebound.
8:04 of 3rd period - Backhand shot by Brandon Saad.
8:04 of 3rd period - Stopped by Linus Ullmark without a rebound.
8:05 of 3rd period - Sam Gagner wins face-off versus Elias Lindholm in Philadelphia Flyers zone.
8:43 of 3rd period - Slapshot by Yanni Gourde.
8:43 of 3rd period - Stopped by Anthony Stolarz without a rebound.
8:44 of 3rd period - Riley Sheahan wins face-off versus Thomas Novak in Nashville Predators zone.
8:53 of 3rd period - Snap shot by Thomas Novak.
8:53 of 3rd period - Stopped by Linus Ullmark without a rebound.
8:54 of 3rd period - Thomas Novak wins face-off versus Tomas Tatar in Philadelphia Flyers zone.
9:03 of 3rd period - Slapshot by Cale Makar.
9:03 of 3rd period - Deflect By Nick Bjugstad.
9:03 of 3rd period - Shot Misses the Net.
9:03 of 3rd period - Puck is out of play.
9:04 of 3rd period - Sam Gagner wins face-off versus Elias Lindholm in Philadelphia Flyers zone.
9:08 of 3rd period - Minor Penalty to Alexander Edler for Roughing.
9:09 of 3rd period - Sam Gagner wins face-off versus Yanni Gourde in Philadelphia Flyers zone.
9:25 of 3rd period - Slapshot by Cale Makar.
9:25 of 3rd period - Shot Blocked by Oliver Ekman-Larsson.
9:35 of 3rd period - Matt Roy is hit by Pat Maroon and loses puck.
9:49 of 3rd period - Icing by Thomas Novak.
9:50 of 3rd period - Yanni Gourde wins face-off versus Thomas Novak in Nashville Predators zone.
9:51 of 3rd period - Snap shot by Calle Jarnkrok.
9:51 of 3rd period - Stopped by Anthony Stolarz without a rebound.
9:52 of 3rd period - Sam Gagner wins face-off versus Yanni Gourde in Nashville Predators zone.
9:52 of 3rd period - Sam Gagner is hit by Justin Faulk.
10:31 of 3rd period - Slapshot by Cale Makar.
10:31 of 3rd period - Deflect By Thomas Novak.
10:31 of 3rd period - Shot Blocked by Oliver Ekman-Larsson.
10:31 of 3rd period - Puck is out of play.
10:32 of 3rd period - Elias Lindholm wins face-off versus Thomas Novak in Philadelphia Flyers zone.
10:37 of 3rd period - Nate Schmidt is hit by Elias Lindholm and loses puck.
10:53 of 3rd period - Off-side.
10:54 of 3rd period - Yanni Gourde wins face-off versus Sam Gagner in neutral zone.
11:08 of 3rd period - Penalty to Alexander Edler is over, Alexander Edler is back on ice.
11:08 of 3rd period - Snap shot by Corey Perry.
11:08 of 3rd period - Shot Blocked by Ben Chiarot.
11:10 of 3rd period - Snap shot by Corey Perry.
11:10 of 3rd period - Stopped by Linus Ullmark with a rebound.
11:29 of 3rd period - Icing by Nick Bjugstad.
11:30 of 3rd period - Thomas Novak wins face-off versus Elias Lindholm in Nashville Predators zone.
11:46 of 3rd period - Slapshot by Cale Makar.
11:46 of 3rd period - Shot Misses the Net.
11:48 of 3rd period - Slapshot by Cale Makar.
11:48 of 3rd period - Stopped by Linus Ullmark without a rebound.
11:49 of 3rd period - Yanni Gourde wins face-off versus Brandon Saad in Philadelphia Flyers zone.
11:49 of 3rd period - Yanni Gourde is hit by Sam Gagner.
12:14 of 3rd period - Nate Schmidt is hit by Riley Sheahan and loses puck.
12:19 of 3rd period - Snap shot by Marcus Johansson.
12:19 of 3rd period - Stopped by Anthony Stolarz without a rebound.
12:20 of 3rd period - Thomas Novak wins face-off versus Riley Sheahan in Nashville Predators zone.
12:27 of 3rd period - Slapshot by Pat Maroon.
12:27 of 3rd period - Shot Misses the Net.
12:49 of 3rd period - Slapshot by Cale Makar.
12:49 of 3rd period - Shot Misses the Net.
12:51 of 3rd period - Snap shot by Janne Kuokkanen.
12:51 of 3rd period - Stopped by Linus Ullmark with a rebound.
12:53 of 3rd period - Slapshot by Cale Makar.
12:53 of 3rd period - Shot Blocked by Ben Chiarot.
13:09 of 3rd period - Cole Perfetti is hit by Ben Chiarot and loses puck.
13:22 of 3rd period - Wrist shot by Alexander Barabanov.
13:22 of 3rd period - Stopped by Anthony Stolarz with a rebound.
13:30 of 3rd period - Slapshot by Bowen Byram.
13:30 of 3rd period - Stopped by Linus Ullmark with a rebound.
13:32 of 3rd period - Snap shot by Brandon Saad.
13:32 of 3rd period - Deflect By Sam Gagner.
13:32 of 3rd period - Shot Misses the Net.
13:32 of 3rd period - Puck is out of play.
13:33 of 3rd period - Calle Jarnkrok wins face-off versus Thomas Novak in Philadelphia Flyers zone.
13:38 of 3rd period - Snap shot by Calle Jarnkrok.
13:38 of 3rd period - Shot Blocked by Pat Maroon.
13:48 of 3rd period - Snap shot by Thomas Novak.
13:48 of 3rd period - Shot Blocked by Calle Jarnkrok.
14:19 of 3rd period - Slapshot by Matt Boldy.
14:19 of 3rd period - Stopped by Anthony Stolarz without a rebound.
14:20 of 3rd period - Yanni Gourde wins face-off versus Nolan Patrick in Nashville Predators zone.
14:29 of 3rd period - Snap shot by Evan Rodrigues.
14:29 of 3rd period - Stopped by Anthony Stolarz without a rebound.
14:30 of 3rd period - Elias Lindholm wins face-off versus Sam Gagner in Nashville Predators zone.
15:04 of 3rd period - Snap shot by Evgenii Dadonov.
15:04 of 3rd period - Shot Misses the Net.
15:35 of 3rd period - Justin Braun is hit by Matt Roy.
15:39 of 3rd period - Janne Kuokkanen is hit by Tomas Tatar and loses puck.
15:50 of 3rd period - Justin Braun is hit by Evan Rodrigues and loses puck.
15:59 of 3rd period - Wrist shot by Pat Maroon.
15:59 of 3rd period - Goal by Pat Maroon - Philadelphia Flyers : 0 - Nashville Predators : 2.
16:00 of 3rd period - Calle Jarnkrok wins face-off versus Nolan Patrick in neutral zone.
16:11 of 3rd period - Snap shot by Evgenii Dadonov.
16:11 of 3rd period - Stopped by Anthony Stolarz without a rebound.
16:12 of 3rd period - Sam Gagner wins face-off versus Evgenii Dadonov in Nashville Predators zone.
16:25 of 3rd period - Corey Perry is hit by Calvin de Haan and loses puck.
17:09 of 3rd period - Snap shot by Elias Lindholm.
17:09 of 3rd period - Stopped by Anthony Stolarz with a rebound.
17:19 of 3rd period - Slapshot by Nate Schmidt.
17:19 of 3rd period - Deflect By Evan Rodrigues.
17:19 of 3rd period - Stopped by Linus Ullmark with a rebound.
17:41 of 3rd period - Snap shot by Rasmus Kupari.
17:41 of 3rd period - Deflect By Cole Perfetti.
17:41 of 3rd period - Shot Misses the Net.
17:41 of 3rd period - Puck is out of play.
17:42 of 3rd period - Calle Jarnkrok wins face-off versus Marco Rossi in Philadelphia Flyers zone.
17:58 of 3rd period - Slapshot by Cale Makar.
17:58 of 3rd period - Deflect By Rasmus Kupari.
17:58 of 3rd period - Shot Blocked by Calle Jarnkrok.
17:58 of 3rd period - Puck is out of play.
17:59 of 3rd period - Riley Sheahan wins face-off versus Nolan Patrick in Philadelphia Flyers zone.
18:24 of 3rd period - Justin Braun is hit by Evgenii Dadonov and loses puck.
19:56 of 3rd period - Pat Maroon is hit by Ben Chiarot and loses puck.
Goals for this period are 0 for Philadelphia Flyers vs 1 for Nashville Predators.
Shots for this period are 11 for Philadelphia Flyers vs 10 for Nashville Predators.
Back to the Top